 Dungeon Crawl Stone Soup version 0.18.1-48-g4cf74bf (webtiles) character file.

665 Kisielow the Changer (level 7, 0/51 HPs)
             Began as a Merfolk Transmuter on June 25, 2016.
             Was a Priest of Makhleb.
             Slain by a gnoll sergeant
             ... wielding a +0 spear
              (3 damage)
             ... on level 5 of the Dungeon.
             The game lasted 00:11:18 (6319 turns).

Kisielow the Changer (Merfolk Transmuter)           Turns: 6319, Time: 00:11:19

Health: 0/51       AC:  2    Str: 10    XL:     7   Next: 57%
Magic:  5/10       EV: 17    Int: 15    God:    Makhleb [***...]
Gold:   227        SH:  0    Dex: 19    Spells: 3 memorised, 1 level left

rFire  . . .     SeeInvis +       - Unarmed
rCold  . . .     Gourm    .     (armour currently unavailable)
rNeg   . . .     Faith    .     (shield currently unavailable)
rPois  .         Spirit   .     (helmet currently unavailable)
rElec  .         Dismiss  .     (cloak currently unavailable)
rCorr  .         Reflect  .     (gloves currently unavailable)
SustAt .         Harm     .     (boots currently unavailable)
MR     .....                    (no amulet)
Stlth  ++........               t - ring of poison resistance
                                o - ring of see invisible

@: lethally poisoned (0 -> -13), spider-form (expiring), very slightly
contaminated, not resistant to hostile enchantments, unstealthy
A: (change form in water), (swift swim)
a: End Transformation, Minor Destruction, Lesser Servant of Makhleb, Renounce
Religion


You were on level 5 of the Dungeon.
You worshipped Makhleb.
Makhleb was most pleased with you.
You were not hungry.
You were a venomous arachnid creature.
You visited 2 branches of the dungeon, and saw 6 of its levels.

You collected 227 gold pieces.

Inventory:

Missiles
 a - 37 arrows
Armour
 b - a +0 robe (melded)
Jewellery
 j - an uncursed ring of stealth {unknown}
 o - a ring of see invisible (left front leg)
 t - a ring of poison resistance (right front leg)
Wands
 e - a wand of polymorph (8/24)
Scrolls
 h - a scroll of fog
 i - 2 scrolls of teleportation
 l - 2 scrolls of enchant armour {unknown}
 p - a scroll of enchant weapon {unknown}
Potions
 g - a potion of flight {unknown}
 s - a potion of invisibility
 v - a potion of degeneration {unknown}
Books
 c - a book of Changes

   Spells                             Type                      Level
   a - Beastly Appendage              Transmutation                1
   b - Sticks to Snakes               Transmutation                2
   c - Spider Form                    Transmutation/Poison         3
   d - Ice Form                       Ice/Transmutation            4
   e - Blade Hands                    Transmutation                5
Comestibles
 d - 4 bread rations
 f - a slice of pizza
 k - 3 chunks of flesh
 m - a beef jerky
 n - 3 fruits
 x - a meat ration


   Skills:
 + Level 2.4 Fighting
 + Level 3.9 Dodging
 * Level 5.9 Unarmed Combat
 - Level 2.0 Spellcasting
 - Level 6.2 Transmutations
 - Level 4.0 Poison Magic


You had one spell level left.
You knew the following spells:

 Your Spells              Type           Power        Failure   Level  Hunger
a - Beastly Appendage     Trmt           ###...       8%          1    #......
q - Spider Form           Trmt/Pois      ###.......   24%         3    ###....
w - Blade Hands           Trmt           ###.......   75%         5    ######.


Dungeon Overview and Level Annotations

Branches:
Dungeon (5/15)             Temple (1/1) D:4

Altars:
Ashenzari
Cheibriados
Dithmenos
Elyvilon
Gozag
Kikubaaqudgha
Makhleb
Nemelex Xobeh
Okawaru
Qazlal
Ru
Sif Muna
Trog
Vehumet
Xom
Yredelemnul
Zin

Annotations:
D:4 GordonOverkill's ghost, novice FoAK


Message History

The worker ant completely misses you. The gnoll sergeant barely misses you.
You hit the gnoll.
The gnoll is poisoned.
The gnoll is moderately wounded.
The gnoll hits you with a halberd. The worker ant misses you.
The gnoll sergeant completely misses you.
You barely miss the worker ant.
The worker ant is severely wounded.
The worker ant bites you.
* * * LOW HITPOINT WARNING * * *
You are poisoned.
The worker ant poisons you! The gnoll misses you.
The gnoll sergeant closely misses you.
Your transformation is almost over.
You feel sick. The worker ant bites you.
* * * LOW HITPOINT WARNING * * *
You are lethally poisoned!
The worker ant poisons you! The gnoll hits you with a halberd.
* * * LOW HITPOINT WARNING * * *
The gnoll sergeant hits you with a spear.
You die...

#########
#.......#
#g......#
#s......#
#ag......
...$......$....
###...........#
.....#..()....#
####.#.#?.$..##
# #.#.###.#
....# ...
#.#.###.##


You could see a gnoll sergeant, a worker ant and a gnoll.

Vanquished Creatures
  An orc warrior (D:4)
  The ghost of Vincendra the Magician, an amateur DEFE (D:3)
  A scorpion (D:4)
  An orc priest (D:4)
  Crazy Yiuf (D:3)
  An iguana (D:4)
  4 orc wizards
  3 gnolls
  8 adders
  An ooze (D:3)
  2 worms
  4 dart slugs
  4 giant geckos
  18 orcs
  8 giant cockroaches
  10 goblins
  7 hobgoblins
  12 jackals
  7 kobolds
  4 quokkas
  4 ball pythons
  10 bats
  4 giant newts
  9 rats
125 creatures vanquished.

Vanquished Creatures (others)
  A human (D:3)
1 creature vanquished.

Grand Total: 126 creatures vanquished

Notes
Turn   | Place    | Note
--------------------------------------------------------------
     0 | D:1      | Kisielow the Merfolk Transmuter began the quest for the Orb.
     0 | D:1      | Reached XP level 1. HP: 15/15 MP: 3/3
   269 | D:1      | Reached XP level 2. HP: 14/21 MP: 3/5
   409 | D:1      | Found a shimmering altar of Xom.
   518 | D:1      | Reached XP level 3. HP: 11/26 MP: 6/6
   880 | D:1      | Learned a level 3 spell: Spider Form
  1363 | D:1      | Reached skill level 3 in Transmutations
  1866 | D:2      | Reached XP level 4. HP: 29/32 MP: 7/7
  1898 | D:2      | Found a burning altar of Makhleb.
  1906 | D:2      | Became a worshipper of Makhleb the Destroyer
  2281 | D:2      | Noticed a water elemental
  2283 | D:2      | Found a stormy altar of Qazlal.
  2285 | D:2      | Noticed an earth elemental
  2285 | D:2      | Noticed a fire elemental
  2285 | D:2      | Noticed an air elemental
  2345 | D:2      | Reached skill level 1 in Poison Magic
  2758 | D:3      | Reached skill level 4 in Transmutations
  2799 | D:3      | Reached * piety under Makhleb
  3311 | D:3      | Reached XP level 5. HP: 16/37 MP: 3/8
  3846 | D:3      | Reached skill level 5 in Transmutations
  4101 | D:3      | Found an ancient bone altar of Kikubaaqudgha.
  4102 | D:3      | Noticed a human
  4104 | D:3      | Killed a human
  4171 | D:3      | Reached ** piety under Makhleb
  4219 | D:3      | Noticed Vincendra's ghost (amateur DEFE)
  4238 | D:3      | HP: 1/37 [Vincendra's ghost/puff of flame (10)]
  4245 | D:3      | Killed Vincendra's ghost
  4245 | D:3      | Reached XP level 6. HP: 8/43 MP: 4/9
  4496 | D:3      | Found a shattered altar of Ashenzari.
  4770 | D:3      | Noticed Crazy Yiuf
  4778 | D:3      | Killed Crazy Yiuf
  5056 | D:4      | Reached skill level 6 in Transmutations
  5291 | D:4      | Reached skill level 5 in Unarmed Combat
  5322 | D:4      | Learned a level 5 spell: Blade Hands
  5667 | D:4      | Noticed an orc warrior
  5668 | D:4      | Found a staircase to the Ecumenical Temple.
  5671 | D:4      | Reached XP level 7. HP: 40/48 MP: 6/10
  5683 | D:4      | Noticed GordonOverkill's ghost (novice FoAK)
  5695 | Temple   | Entered the Ecumenical Temple
  5854 | D:5      | Entered Level 5 of the Dungeon
  6202 | D:4      | Reached *** piety under Makhleb
  6319 | D:5      | Slain by a gnoll sergeant

Skill      XL: |  1  2  3  4  5  6  7 |
---------------+----------------------+-----
Unarmed Combat | 4 5 |  5.9
Transmutations | 3 4 5 6 |  6.2
Poison Magic   | 1 3 4 |  4.0
Dodging        | 3 |  3.9
Fighting       | 2 |  2.4
Spellcasting   | |  2.0

Action                   |  1- 3 |  4- 6 |  7- 9 || total
-------------------------+-------+-------+-------++-------
Melee: Unarmed           |   172 |   256 |    48 ||   476
       Headbutt          |     5 |     2 |       ||     7
       Punch             |     2 |     2 |       ||     4
 Cast: Beastly Appendage |     8 |     2 |       ||    10
       Spider Form       |       |    16 |     5 ||    21
  Use: Potion            |     3 |     1 |       ||     4
       Scroll            |       |    16 |       ||    16
 Stab: Sleeping          |       |     4 |       ||     4
  Eat: Chunk             |     3 |    15 |     3 ||    21
Armor: Robe              |    42 |    26 |     3 ||    71
       Skin              |       |     6 |     3 ||     9
Dodge: Dodged            |   160 |   200 |    56 ||   416
